 Dungeon Crawl Stone Soup version 0.17.0-73-gb648821 (webtiles) character file.

17580 tap556 the Severer (level 12, -1/110 HPs)
             Began as a Minotaur Berserker on Dec 10, 2015.
             Was a High Priest of Trog.
             Slain by Urug
             ... wielding a +4 battleaxe of electrocution
              (6 damage)
             ... on level 12 of the Dungeon.
             The game lasted 00:51:56 (12522 turns).

tap556 the Severer (Minotaur Berserker)            Turns: 12522, Time: 00:51:56

Health: -1/110     AC: 20    Str: 24    XL:     12   Next: 20%
Magic:  11/11      EV: 13    Int:  4    God:    Trog [*****.]
Gold:   423        SH:  0    Dex: 16    Spells: 0 memorised, 11 levels left

rFire  + . .     SeeInvis .     L - +0 war axe (venom)
rCold  x . .     Clarity  .     e - +1 plate armour
rNeg   . . .     SustAt   .     (no shield)
rPois  .         Gourm    +     (helmet restricted)
rElec  .         Spirit   .     d - +0 cloak
rCorr  .         Warding  .     i - +0 pair of gloves {archery}
rMut   .         Stasis   .     J - +0 pair of boots
MR     .....                    f - amulet of the gourmand
Stlth  ..........               n - +3 ring of dexterity
                                l - ring of fire

@: not resistant to hostile enchantments, extremely unstealthy
A: retaliatory headbutt, horns 2
a: Berserk, Trog's Hand, Brothers in Arms, Burn Spellbooks, Renounce Religion


You were on level 12 of the Dungeon.
You worshipped Trog.
Trog was extremely pleased with you.
You were completely stuffed.

You visited 1 branch of the dungeon, and saw 12 of its levels.
You also visited: Sewer.

You collected 553 gold pieces.
You spent 130 gold pieces at shops.

Inventory:

Hand Weapons
 h - a +0 blowgun
 k - a cursed +0 battleaxe
 G - a +2 whip of electrocution
 L - a +0 war axe of venom (weapon)
 N - a +2 antimagic hand axe
Missiles
 a - 5 javelins of returning
 z - 64 poisoned needles
 B - 5 javelins (quivered)
 H - a throwing net
Armour
 d - a +0 cloak (worn)
 e - a +1 plate armour (worn)
 i - a +0 pair of gloves of archery (worn)
 J - a +0 pair of boots (worn)
Jewellery
 f - an amulet of the gourmand (around neck)
 l - a ring of fire (left hand)
 n - a +3 ring of dexterity (right hand)
 C - an uncursed ring of see invisible
Wands
 b - a wand of enslavement (10)
 j - a wand of slowing (16)
 t - a wand of magic darts (6)
 F - a wand of cold (7)
 M - a wand of magic darts (29)
 O - a wand of polymorph (17)
Scrolls
 g - a scroll of brand weapon
 p - 3 scrolls of magic mapping
 q - 3 scrolls of teleportation
 r - 3 scrolls of remove curse
 y - 5 scrolls of enchant weapon
 A - a scroll of fear
Potions
 m - 3 potions of might
 o - 5 potions of curing
 w - 2 potions of resistance
 D - a potion of heal wounds
 E - 2 potions of haste
 I - a potion of cancellation
Comestibles
 c - 8 bread rations
 s - 3 meat rations


   Skills:
 - Level 11.0 Fighting
 - Level 15.1 Axes
 + Level 2.7 Throwing
 - Level 10.6 Armour
 - Level 10.1 Dodging


You had 11 spell levels left.
You didn't know any spells.

Dungeon Overview and Level Annotations

Branches:
Dungeon (12/15)            Temple (0/1) D:4            Lair (0/8) D:11
    Orc (0/4) D:11

Altars:
Ashenzari
Ru
Trog
Xom
Yredelemnul
The Shining One

Shops:
D:4 ?   D:6 *   D:7 }=   D:8 [[%   D:11 %

Annotations:
D:12 Urug


Innate Abilities, Weirdness & Mutations

You reflexively headbutt those who attack you in melee.
You have a pair of horns on your head.


Message History

Urug is moderately wounded.
Urug hits you with a battleaxe of electrocution!!
* * * LOW HITPOINT WARNING * * *
Drink which item? (? for menu, Esc to quit)
You feel much better. Urug hits you but does no damage.
Throwing (i - inventory. (,) - cycle):
B - 6 javelins (quivered)
Press: ? - help, Shift-Dir - straight line, f - Urug
Aim: Urug, wielding a battleaxe of electrocution and wearing a glowing scale mail (moderately wounded, poisoned)
You throw a javelin. The javelin hits Urug.
Urug is moderately wounded.
You hit Urug.
Urug looks even sicker.
You headbutt Urug.
Urug is heavily wounded.
Urug hits you with a battleaxe of electrocution!
* * * LOW HITPOINT WARNING * * *
You are electrocuted!
* * * LOW HITPOINT WARNING * * *
Your two-headed ogre goes berserk!
You feel somewhat less full.
Urug hits you with a battleaxe of electrocution.
You die...

#.).......# #.# #.#.#
#.........# #.# #.#.#
#.........## #.# #...#
#..........###.# ##..##
#............#.# #...#
#.........##>..#
##..#########
#...........#..##
#..#........
#.....<...#..()(#####....#
#############...@oO.(..###
.......# #...>.####..#
.......# ##..............
.......# #..########.#..##
##.########.#### #.##...
#.(.รท.).......# #.# #..#
##########.##..# #.# #.#
#..###.# .. ## #.## .#


You could see Urug and a friendly two-headed ogre (berserk).

Vanquished Creatures
  A hydra (D:11)
  The ghost of Larett the Fighter, a novice HOFi of Beogh (D:11)
  Nergalle (D:10)
  3 hill giants
  A cyclops (D:12)
  An ugly thing (D:11)
  The ghost of nramsey34 the Sneak, a novice OpAK of Lugonu (D:6)
  2 kobold demonologists
  A komodo dragon (D:11)
  3 trolls (D:11)
  3 polar bears (D:11)
  Grinder (Sewer)
  2 two-headed ogres (D:9)
  A spriggan (D:7)
  A trapdoor spider (D:11)
  8 yaks
  A wraith (D:11)
  3 hungry ghosts
  A water moccasin (D:9)
  2 wolves (D:11)
  4 ice beasts
  2 hippogriffs
  A mottled dragon (D:11)
  Duvessa (D:7)
  3 black bears
  A necrophage (D:8)
  4 ogres
  An orc warrior (D:11)
  7 phantoms
  3 sky beasts
  7 centaurs
  3 big kobolds
  4 giant frogs
  2 elf skeletons (D:4)
  2 gnoll sergeants
  Dowan (D:7)
  A scorpion (D:6)
  2 troll zombies (D:11)
  13 killer bees
  A water moccasin skeleton (D:10)
  5 wights (D:8)
  A crimson imp (D:9)
  6 hounds
  2 gnoll shamans
  A jelly (D:6)
  3 giant frog skeletons
  A giant frog zombie (D:9)
  Crazy Yiuf (D:3)
  4 orc priests
  A human zombie (D:4)
  11 orc wizards
  A human skeleton (D:4)
  Terence (D:2)
  2 iguanas
  A giant frog simulacrum (D:11)
  8 worker ants
  A centaur simulacrum (D:11)
  4 big kobold zombies (Sewer)
  6 ogre zombies (D:11)
  A killer bee simulacrum (D:11)
  2 hound skeletons
  2 worker ant zombies
  Robin (D:3)
  37 gnolls
  14 adders
  4 shadow imps
  4 white imps
  An ufetubus (Sewer)
  An ooze (Sewer)
  7 worms
  35 orcs
  9 giant cockroaches
  11 hobgoblins
  4 jackals (D:4)
  20 kobolds
  7 quokkas
  A ball python (D:1)
  11 bats
  5 giant geckos
  2 giant gecko skeletons
  A giant gecko zombie (D:8)
  2 giant newts
  17 goblins
  3 goblin skeletons
  3 goblin zombies
  2 hobgoblin zombies (D:11)
  A jackal skeleton (D:4)
  A kobold zombie (D:7)
  7 orc skeletons
  16 orc zombies
  5 rats
  4 butterflies (D:4)
402 creatures vanquished.

Vanquished Creatures (collateral kills)
  2 ugly things
  A cyclops (D:12)
  2 hippogriffs
  A mottled dragon (D:11)
  An ice beast (D:11)
  An ogre (D:12)
  A hound (D:12)
  An orc priest (D:11)
  2 hobgoblin zombies (D:11)
12 creatures vanquished.

Vanquished Creatures (others)
  9 plants (D:11)
9 creatures vanquished.

Grand Total: 423 creatures vanquished

Notes
Turn   | Place    | Note
--------------------------------------------------------------
     0 | D:1      | tap556 the Minotaur Berserker began the quest for the Orb.
     0 | D:1      | Reached XP level 1. HP: 19/19 MP: 0/0
    42 | D:1      | Reached skill level 4 in Axes
    42 | D:1      | Reached XP level 2. HP: 2/26 MP: 1/1
   572 | D:1      | Reached skill level 5 in Axes
   910 | D:1      | Reached XP level 3. HP: 31/31 MP: 2/2
  1123 | D:2      | Reached ** piety under Trog
  1240 | D:2      | Noticed Terence
  1260 | D:2      | Killed Terence
  1260 | D:2      | Reached skill level 6 in Axes
  1260 | D:2      | Reached XP level 4. HP: 39/39 MP: 3/3
  1558 | D:3      | Noticed Robin
  1577 | D:3      | Killed Robin
  1577 | D:3      | Reached XP level 5. HP: 45/45 MP: 4/4
  1578 | D:3      | Reached skill level 7 in Axes
  1747 | D:3      | Reached *** piety under Trog
  1756 | D:3      | Reached skill level 8 in Axes
  1758 | D:3      | Reached XP level 6. HP: 46/51 MP: 5/5
  1987 | D:3      | Noticed Crazy Yiuf
  1999 | D:3      | Killed Crazy Yiuf
  2049 | D:3      | Found a shattered altar of Ashenzari.
  2216 | D:4      | Found a staircase to the Ecumenical Temple.
  2309 | D:4      | Found a glowing drain.
  2322 | Sewer    | Entered a sewer
  2389 | Sewer    | Reached skill level 9 in Axes
  2424 | Sewer    | Found a burning altar of Makhleb.
  2432 | Sewer    | Reached **** piety under Trog
  2442 | Sewer    | Reached XP level 7. HP: 45/57 MP: 6/6
  2455 | Sewer    | Noticed Grinder
  2467 | Sewer    | Killed Grinder
  2467 | Sewer    | Reached skill level 10 in Axes
  2480 | Sewer    | Lost intelligence.
  2525 | Sewer    | Noticed an apprentice kobold demonologist
  2541 | Sewer    | Killed an apprentice kobold demonologist
  2541 | Sewer    | Reached skill level 11 in Axes
  2583 | Sewer    | Reached XP level 8. HP: 57/66 MP: 7/7
  2869 | D:4      | Reached skill level 5 in Fighting
  3232 | D:4      | Found Afiyduwa's Magic Scroll Shoppe.
  3235 | D:4      | Bought a scroll of teleportation for 36 gold pieces
  3235 | D:4      | Bought a scroll of identify for 24 gold pieces
  3477 | D:4      | Found a bloodstained altar of Trog.
  3478 | D:4      | Found a basalt altar of Yredelemnul.
  3572 | D:5      | Entered Level 5 of the Dungeon
  3599 | D:5      | Found a sacrificial altar of Ru.
  4223 | D:6      | Found a shimmering altar of Xom.
  4250 | D:6      | Noticed nramsey34's ghost (novice OpAK)
  4267 | D:6      | Killed nramsey34's ghost
  4267 | D:6      | Reached XP level 9. HP: 85/85 MP: 8/8
  4268 | D:6      | Reached skill level 10 in Fighting
  4271 | D:6      | Reached ***** piety under Trog
  4890 | D:6      | Found Hseujuol's Humungous Hoard.
  4913 | D:6      | Bought a potion of heal wounds for 70 gold pieces
  5212 | D:7      | Noticed Duvessa
  5214 | D:7      | Noticed Dowan
  5221 | D:7      | Killed Duvessa
  5221 | D:7      | Reached skill level 5 in Armour
  5231 | D:7      | Killed Dowan
  5399 | D:7      | Found a glowing golden altar of the Shining One.
  5599 | D:7      | Found Kauffiug's Gadget Shop.
  5938 | D:7      | Found Kigatoet's Jewellery Shop.
  6223 | D:7      | Reached XP level 10. HP: 95/95 MP: 9/9
  6517 | D:8      | Found Ciceisai's Antique Armour Shoppe.
  6636 | D:8      | Found Hyomed's Armour Shop.
  6948 | D:8      | Found Texi's Food Shop.
  7013 | D:9      | Noticed a hill giant
  7029 | D:9      | Killed a hill giant
  7029 | D:9      | Reached skill level 10 in Armour
  7120 | D:9      | Got an agate-encrusted scale mail
  7233 | D:9      | Received a gift from Trog
  7250 | D:9      | Reached skill level 5 in Dodging
  7976 | D:10     | Entered Level 10 of the Dungeon
  8552 | D:10     | Noticed Nergalle
  8571 | D:10     | Killed Nergalle
  8571 | D:10     | Reached XP level 11. HP: 96/102 MP: 10/10
  9037 | D:11     | Received a gift from Trog
  9063 | D:11     | Noticed a five-headed hydra
  9072 | D:11     | Found Wohipnit's Food Boutique.
  9081 | D:11     | Killed a five-headed hydra
  9217 | D:11     | Reached skill level 10 in Dodging
  9223 | D:11     | Noticed a hill giant
  9243 | D:11     | Killed a hill giant
  9819 | D:11     | Noticed Larett's ghost (novice HOFi)
  9844 | D:11     | Killed Larett's ghost
  9844 | D:11     | Reached skill level 12 in Axes
 10660 | D:11     | Reached skill level 13 in Axes
 10801 | D:11     | Identified the +2 scale mail "Dynwat" {MP+9 Int+2} (You found it on level 9 of the Dungeon)
 11073 | D:11     | Found a staircase to the Orcish Mines.
 11188 | D:11     | Reached skill level 14 in Axes
 11222 | D:11     | HP: 5/153 [troll zombie (3)]
 11390 | D:11     | Reached XP level 12. HP: 58/110 MP: 11/11
 11772 | D:11     | Noticed a hill giant
 11783 | D:11     | Killed a hill giant
 11983 | D:11     | Found a staircase to the Lair.
 12081 | D:12     | Reached skill level 15 in Axes
 12087 | D:12     | Reached skill level 1 in Throwing
 12494 | D:12     | Noticed Urug
 12519 | D:12     | HP: 4/110 [Urug/battleaxe of electrocution (19)]
 12522 | D:12     | Slain by Urug

Action                   |  1- 3 |  4- 6 |  7- 9 | 10-12 || total
-------------------------+-------+-------+-------+-------++-------
Melee: Hand axe          |    75 |   191 |   419 |   113 ||   798
       War axe           |       |       |       |   409 ||   409
       Flail             |       |       |       |    10 ||    10
 Fire: Blowgun           |       |       |       |    24 ||    24
Throw: Javelin           |     3 |     1 |     6 |    43 ||    53
       Throwing net      |       |       |       |     1 ||     1
Invok: Berserk           |     2 |     1 |     2 |     3 ||     8
       Trog's Hand       |     1 |     2 |     2 |     2 ||     7
       Burn Spellbooks   |       |       |       |     1 ||     1
       Brothers in Arms  |       |       |       |     3 ||     3
  Use: Scroll            |       |     5 |     7 |    12 ||    24
       Potion            |       |       |     3 |     2 ||     5
  Eat: Chunk             |     2 |     7 |     9 |    34 ||    52
       Beef jerky        |       |       |     3 |     1 ||     4
       Pizza             |       |       |     2 |     1 ||     3
       Fruit             |       |       |       |     4 ||     4
